 Dungeon Crawl Stone Soup version 0.28-a0-1506-g3893175d92 (webtiles) character file.

Game seed: 17217015213510162193

7873 fragbeetle the Geomancer (level 11, -5/68 HPs)
             Began as a Gargoyle Earth Elementalist on Jan 14, 2022.
             Was an Initiate of Gozag.
             Slain by a freezing wraith (9 damage)
             ... led by a death knight
             ... on level 9 of the Dungeon.
             The game lasted 00:38:40 (11233 turns).

fragbeetle the Geomancer (GrEE)                    Turns: 11233, Time: 00:38:41

Health: -5/68      AC: 13    Str: 15    XL:     11   Next: 22%
Magic:  9/27       EV: 13    Int: 17    God:    Gozag
Gold:   522        SH:  5    Dex: 10    Spells: 8/19 levels left

rFire   . . .      SeeInvis +   P - +6 flail (freeze)
rCold   + . .      Faith    .   (no shield)
rNeg    + . .      Spirit   .   b - +0 robe
rPois   ∞          Reflect  +   k - +1 hat {SInv}
rElec   +          Harm     .   (no cloak)
rCorr   .          Rampage  .   y - +1 pair of gloves
Will    .....                   (no boots)
Stlth   ++........              f - amulet of reflection
HPRegen 0.21/turn               n - ring of protection from cold
MPRegen 0.20/turn               q - ring of magical power

@: about to teleport
A: sickness immunity, AC +8, negative energy resistance 1, electricity
resistance, torment resistance 1, petrification resistance
a: Renounce Religion, Potion Petition, Call Merchant, Bribe Branch


You were on level 9 of the Dungeon.
You worshipped Gozag.
Gozag was pleased with you.
You visited 3 branches of the dungeon, and saw 12 of its levels.

You collected 1379 gold pieces.
You spent 20 gold pieces at shops.
You paid 837 gold pieces to Gozag.

Inventory:

Hand Weapons
 F - a +0 shortbow
 P - a +6 flail of freezing (weapon)
 Q - a +5 spear of flaming
Missiles
 c - 220 stones
 o - 2 boomerangs of dispersal
 D - 6 throwing nets
 G - 66 arrows
Armour
 b - a +0 robe (worn)
 k - a +1 hat of see invisible (worn)
 y - a +1 pair of gloves (worn)
Magical Staves
 R - a staff of conjuration
Jewellery
 d - a ring of resist corrosion
 f - an amulet of reflection (around neck)
 n - a ring of protection from cold (left hand)
 p - a ring of protection from cold
 q - a ring of magical power (right hand)
 s - an amulet of magic regeneration
Wands
 a - a wand of mindburst (18)
 H - a wand of acid (9)
 N - a wand of polymorph (10)
Scrolls
 e - 2 scrolls of amnesia
 h - 3 scrolls of teleportation
 j - 3 scrolls of blinking
 r - 3 scrolls of fog
 u - a scroll of magic mapping
 w - a scroll of fear
 A - a scroll of acquirement {unknown}
 M - a scroll of enchant armour {unknown}
 O - 4 scrolls of enchant weapon
Potions
 g - 2 potions of curing
 i - a potion of resistance {unknown}
 l - a potion of berserk rage {unknown}
 t - a potion of brilliance {unknown}
 v - 3 potions of ambrosia
 z - a potion of invisibility {unknown}
 B - 2 potions of attraction {unknown}
 E - 2 potions of mutation {unknown}
 I - a potion of haste {unknown}
 J - a potion of might {unknown}
 K - 3 potions of heal wounds
 S - a potion of cancellation {unknown}


   Skills:
 + Level 8.2 Fighting
 + Level 2.1 Maces & Flails
 + Level 6.5 Dodging
 - Level 2.1 Stealth
 + Level 4.9 Spellcasting
 + Level 7.5 Conjurations
 - Level 1.0 Transmutations
 - Level 3.0 Ice Magic
 + Level 11.7 Earth Magic


You had 8 spell levels left.
You knew the following spells:

 Your Spells              Type           Power      Damage    Failure   Level
a - Sandblast             Erth           88%        2d18      1%          1
b - Stone Arrow           Conj/Erth      72%        3d11      1%          3
c - Leda's Liquefaction   Hex/Erth       12%        N/A       13%         4
d - Ozocubu's Armour      Ice            14%        N/A       13%         3

Your spell library contained the following spells:

 Spells                   Type           Power      Damage    Failure   Level
 Passwall                 Tmut/Erth      20%        N/A       1%          2
 Freeze                   Ice            56%        1d7       4%          1
 Petrify                  Tmut/Erth      25%        N/A       11%         4
 Frozen Ramparts          Ice            28%        1d4       13%         3
 Hailstorm                Conj/Ice       22%        3d7       17%         4
 Call Canine Familiar     Summ           4%         N/A       41%         3
 Portal Projectile        Hex/Tloc       8%         N/A       41%         3
 Ozocubu's Refrigeration  Ice            7%         4d6       100%        7
 Borgnjor's Revivificati  Necr           2%         N/A       100%        8
 Necromutation            Tmut/Necr      2%         N/A       100%        8
 Death's Door             Necr           2%         N/A       100%        9


Dungeon Overview and Level Annotations

Branches:
Dungeon (10/15)            Temple (1/1) D:6            Lair (1/6) D:9
    Orc: D:9-12

Altars:
Ashenzari
Cheibriados
Dithmenos
Elyvilon
Fedhas
Gozag
Hepliaklqana
Kikubaaqudgha
Makhleb
Nemelex Xobeh
Okawaru
Qazlal
Ru
Sif Muna
Trog
Uskayaw
Vehumet
Wu Jian
Xom
Yredelemnul
Zin
The Shining One

Shops:
D:1 =   D:5 (   D:6 (   D:8 :

Annotations:
Lair:1 Joseph


Innate Abilities, Weirdness & Mutations

You are immune to sickness and miasma.
Your stone body is resilient. (AC +8)
You are immune to poison.
You resist negative energy. (rN+)
You are resistant to electric shocks. (rElec)
You are resistant to unholy torment.
You are immune to petrification.


Message History

The stone arrow misses the freezing wraith.
The freezing wraith hits you! The freezing wraith freezes you. You resist.
The freezing wraith hits you. x2; The freezing wraith freezes you!
You resist. The freezing wraith barely misses you.
The freezing wraith closely misses you. The freezing wraith barely misses you.
You block the freezing wraith's attack. The freezing wraith closely misses you.
You climb upwards.
There is a stone staircase leading down here.
You're wearing all the rings you can.
Remove which one? (? for menu, Esc to cancel) < or
n - a ring of protection from cold; > or
q - a ring of magical power
Okay, then.
There is an open door here.
Casting: Stone Arrow (safe; 1% risk of failure)
Confirm with . or Enter, or press ? or * to list all spells.
Aiming: Stone Arrow (safe; 1% risk of failure)
Press: ? - help, Shift-Dir - straight line, f - freezing wraith
Aim: a freezing wraith (severely damaged, 74% to hit)
The stone arrow misses the freezing wraith.
The stone arrow hits the freezing wraith!
The freezing wraith is heavily damaged.
The freezing wraith hits you but does no damage. x2
Casting: Stone Arrow (safe; 1% risk of failure)
Confirm with . or Enter, or press ? or * to list all spells.
Aiming: Stone Arrow (safe; 1% risk of failure)
Press: ? - help, Shift-Dir - straight line, f/p - freezing wraith
Aim: a freezing wraith (severely damaged, 74% to hit)
The stone arrow hits the freezing wraith but does no damage.
The freezing wraith is severely damaged.
The freezing wraith hits you!
* * * LOW HITPOINT WARNING * * *
The freezing wraith freezes you! You resist.
* * * LOW HITPOINT WARNING * * *
You block the freezing wraith's attack.
As you read the scroll of teleportation, it crumbles to dust.
You feel strangely unstable. You block the freezing wraith's attack.
The freezing wraith completely misses you.
The freezing wraith barely misses you. The freezing wraith hits you!
You die...
Your body crumbles into a pile of gold.

#.........######### #....
#.................# #....
######.................###....
#.............................
#####.........>.........######
#..#########........#.....
#..#.(.....'........#.....
#..#.....WW#...##'###)....
#..#.....@.#...#..........
#..#.......#...#..........
#..#.......#..##..........
#..#########..#...........
#.............#...........
#.............#...###.....
#.............#...#.#.....
#.............#...#.#.....
#.............#...#.#.....


You could see 2 freezing wraiths.

Vanquished Creatures
  Harold (D:7)
  A black mamba (Lair:1)
  2 cane toads
  Psyche (D:8)
  A troll (D:9)
  Prince Ribbit (D:5)
  Sigmund (D:3)
  3 yaks (D:9)
  A wyvern (D:8)
  A steam dragon (D:9)
  A water moccasin (D:6)
  3 orc warriors
  3 black bears
  An ice beast (D:8)
  2 sky beasts (D:6)
  4 wolves (D:9)
  A necrophage (D:5)
  3 ogres
  A centaur (D:6)
  2 phantoms
  2 kobold brigands
  2 bullfrogs
  A gnoll sergeant (D:8)
  2 scorpions
  2 wyvern zombies
  4 killer bees (D:10)
  2 electric eels
  19 wights
  A bullfrog zombie (D:6)
  4 centaur zombies
  3 jellies
  9 hounds
  4 orc priests
  A bullfrog skeleton (D:4)
  A gnoll shaman (D:8)
  2 iguanas (D:6)
  Natasha (thrice) (D:2)
  10 orc wizards
  2 killer bee zombies
  A hound zombie (D:5)
  6 adders
  14 gnolls
  A worm (D:3)
  4 dart slugs
  26 orcs
  8 ball pythons
  2 endoplasms (D:2)
  A giant cockroach (D:1)
  2 goblins (D:1)
  3 hobgoblins
  A jackal (D:8)
  4 quokkas
  7 bats
  6 frilled lizards
  13 kobolds
  4 rats
211 creatures vanquished.

Vanquished Creatures (others)
  A hound (D:9)
  A fungus (Lair:1)
  A lurking horror (Lair:1)
3 creatures vanquished.

Grand Total: 214 creatures vanquished

Notes
Turn   | Place    | Note
-------+----------+-------------------------------------------
     0 | D:1      | fragbeetle the Gargoyle Earth Elementalist began the quest
                  | for the Orb.
     0 | D:1      | Reached XP level 1. HP: 10/10 MP: 3/3
    97 | D:1      | Found Waom's Jewellery Shoppe.
   460 | D:1      | Reached skill level 1 in Transmutations
   460 | D:1      | Reached XP level 2. HP: 15/16 MP: 5/5
   469 | D:1      | Reached skill level 4 in Earth Magic
   529 | D:1      | Found a faded altar of an unknown god.
   624 | D:1      | Reached skill level 1 in Fighting
   651 | D:1      | Reached XP level 3. HP: 7/20 MP: 2/6
  1212 | D:1      | You fall into a shaft and drop 1 floor!
  1665 | D:2      | Noticed Natasha
  1681 | D:2      | Killed Natasha
  1682 | D:2      | Reached XP level 4. HP: 23/26 MP: 7/7
  1756 | D:2      | Noticed Natasha
  1759 | D:2      | Killed Natasha
  1760 | D:2      | Reached skill level 5 in Earth Magic
  1772 | D:2      | Noticed Natasha
  1778 | D:2      | Killed Natasha
  1779 | D:2      | Reached XP level 5. HP: 13/30 MP: 5/8
  2193 | D:3      | Noticed Sigmund
  2214 | D:3      | Killed Sigmund
  2215 | D:3      | Reached skill level 6 in Earth Magic
  2215 | D:3      | Reached XP level 6. HP: 21/37 MP: 5/9
  2387 | D:3      | Learned a level 3 spell: Stone Arrow
  3230 | D:4      | Reached skill level 1 in Conjurations
  3333 | D:4      | Reached XP level 7. HP: 38/41 MP: 10/10
  3973 | D:5      | Entered Level 5 of the Dungeon
  4006 | D:5      | Reached skill level 7 in Earth Magic
  4190 | D:5      | Found Bothrye's Weapon Shoppe.
  4222 | D:5      | Learned a level 4 spell: Leda's Liquefaction
  4331 | D:5      | Noticed Prince Ribbit
  4337 | D:5      | Killed Prince Ribbit
  4670 | D:5      | Reached XP level 8. HP: 34/48 MP: 11/11
  4674 | D:5      | Reached skill level 8 in Earth Magic
  4928 | D:5      | Identified the +1 falchion "Gumekh Pauc" {venom, +Blink rF+
                  | rCorr}
  5417 | D:6      | Reached skill level 5 in Fighting
  5551 | D:6      | Reached skill level 9 in Earth Magic
  5986 | D:6      | Reached XP level 9. HP: 32/54 MP: 12/12
  6237 | D:6      | Found a staircase to the Ecumenical Temple.
  6246 | Temple   | Entered the Ecumenical Temple
  6353 | Temple   | Became a worshipper of Gozag Ym Sagoz the Greedy
  6874 | D:6      | Found Zuwnef's Weapon Shop.
  6893 | D:6      | Bought 19 stones for 20 gold pieces
  6923 | D:6      | Reached skill level 10 in Earth Magic
  7558 | D:7      | Reached skill level 5 in Conjurations
  7698 | D:7      | Learned a level 3 spell: Ozocubu's Armour
  7713 | D:7      | Reached skill level 5 in Dodging
  7747 | D:7      | Noticed Harold
  7859 | D:7      | Killed Harold
  7860 | D:7      | Reached skill level 1 in Ice Magic
  8159 | D:7      | Found a radiant altar of Vehumet.
  8178 | D:7      | Reached XP level 10. HP: 61/61 MP: 14/14
  8181 | D:7      | Found a shadowy altar of Dithmenos.
  8181 | D:7      | Found a white marble altar of Elyvilon.
  8185 | D:7      | Found a burning altar of Makhleb.
  8707 | D:8      | Found Jydaokoh's Jewellery Shoppe.
  8947 | D:8      | Reached skill level 1 in Maces & Flails
  9158 | D:8      | Reached skill level 11 in Earth Magic
  9376 | D:8      | Noticed Psyche
  9381 | D:8      | Killed Psyche
  9800 | D:9      | Found a staircase to the Lair.
 10036 | Lair:1   | Entered Level 1 of the Lair of Beasts
 10075 | Lair:1   | Noticed a cane toad
 10079 | Lair:1   | Killed a cane toad
 10080 | Lair:1   | Reached XP level 11. HP: 57/68 MP: 15/18
 10131 | Lair:1   | Noticed Joseph
 10965 | D:10     | Entered Level 10 of the Dungeon
 11176 | D:10     | Noticed a skeletal warrior
 11233 | D:9      | Slain by a freezing wraith

Illustrated notes

Levels and vault maps discovered:
D:1:      moated_graveyard_arrival, layout_basic, basic_ecumenical_altar,
          serial_shops, nicolae_shop_crystal
D:2:      layout_rooms, uniq_natasha
D:3:      layout_loops_cross, uniq_sigmund
D:4:      layout_loops_ring, amcnicky_mini_rare_corridor_liquid
D:5:      layout_basic, serial_shops, nicolae_shop_bloodbath_and_beyond,
          chequers_serial_rivers_micro_b, minivault_25, uniq_prince_ribbit1
D:6:      layout_layer_cave, lemuel_temple_firewalk_b, serial_shops, shop,
          supply_closet_lemuel
D:7:      layout_cave_pools, minitemple, minivault_4, hex_large, uniq_harold
D:8:      layout_cave_pools, serial_gnoll_camp, gnoll_camp_mini_hut,
          gnoll_camp_mini_shop, gnoll_camp_mini_basic,
          gnoll_camp_mini_loothouse, uniq_psyche
D:9:      layout_irregular_city, erik_lair_island
D:10:     layout_small_grid, amcnicky_mini_corridor_feature,
          hangedman_decor_growths
Temple:   mainiacjoe_temple_coin_purse
Lair:1:   layout_roguey, chequers_serial_rivers_micro_a,
          amcnicky_altar_lugonu_corruption, uniq_joseph

Skill      XL: |  1  2  3  4  5  6  7  8  9 10 11 |
---------------+----------------------------------+-----
Transmutations | 1 |  1.0
Earth Magic    | 4 5 6 7 9 10 11 | 11.7
Fighting       | 1 2 3 4 5 6 8 |  8.2
Dodging        | 2 3 4 5 6 |  6.5
Conjurations   | 1 2 4 5 7 |  7.5
Ice Magic      | 1 3 |  3.0
Spellcasting   | 3 4 |  4.9
Maces & Flails | 1 2 |  2.1
Stealth        | |  2.1

Action                   |  1- 3 |  4- 6 |  7- 9 | 10-12 || total
-------------------------+-------+-------+-------+-------++-------
Melee: Dagger            |    39 |    76 |    36 |       ||   151
       Punch             |     2 |       |     5 |     1 ||     8
       Spear             |    60 |       |       |       ||    60
       Trident           |       |       |    26 |       ||    26
       Falchion          |       |       |   158 |    10 ||   168
       Flail             |       |       |       |    89 ||    89
 Cast: Sandblast         |    12 |    10 |    23 |    14 ||    59
       Stone Arrow       |       |       |    54 |   121 ||   175
       Leda's Liquefacti |       |       |       |     1 ||     1
Invok: Call Merchant     |       |       |       |     1 ||     1
  Use: Scroll            |       |       |       |    14 ||    14
 Stab: Sleeping          |     2 |       |       |     1 ||     3
       Distracted        |       |       |     1 |       ||     1
Armor: Robe              |    37 |    28 |   149 |    61 ||   275
Dodge: Dodged            |    73 |    38 |   214 |   102 ||   427
Block: Other             |       |       |       |     9 ||     9

Table legend: (Time is in decaauts)
 A = Elapsed time spent in this place.
 B = Non-inter-level travel time spent in this place.
 C = Inter-level travel time spent in this place.
 D = Time resting spent in this place.
 E = Time spent auto-exploring this place.
 F = Levels seen in this place.
 G = Mean time per level.
                   A        B        C        D        E       F      G
               +--------+--------+--------+--------+--------+-----+--------+
         Total |  11333 |  11132 |    201 |   2381 |   5414 |  12 |  944.4 |
       Dungeon |  11076 |  10875 |    201 |   2381 |   5330 |  10 | 1107.6 |
        Temple |    119 |    119 |      0 |      0 |     84 |   1 |  119.0 |
          Lair |    136 |    136 |      0 |      0 |      0 |   1 |  136.0 |
               +--------+--------+--------+--------+--------+-----+--------+

Top non-repeatable levels by time:
     D:6: 2143 daAuts
     D:1: 1385 daAuts
     D:5: 1369 daAuts
     D:9: 1153 daAuts
     D:8: 1071 daAuts
     D:7: 1035 daAuts
     D:4: 966 daAuts
     D:3: 898 daAuts
     D:2: 788 daAuts
    D:10: 265 daAuts
  Lair:1: 136 daAuts
  Temple: 119 daAuts
